 Dungeon Crawl Stone Soup version 0.26-a0-466-g989023bd0d (webtiles) character file.

Game seed: 640148320890100289

604 HoaS the Grappler (level 7, -6/55 HPs)
             Began as a Ghoul Gladiator on Aug 9, 2020.
             Mangled by an orc warrior
             ... wielding a +0 halberd
              (15 damage)
             ... on level 6 of the Dungeon.
             The game lasted 00:07:26 (4175 turns).

HoaS the Grappler (Ghoul Gladiator)                 Turns: 4175, Time: 00:07:26

Health: -6/55      AC: 10    Str: 19    XL:     7   Next: 42%
Magic:  6/6        EV:  8    Int:  3    God:
Gold:   365        SH:  0    Dex: 11    Spells: 6/6 levels left

rFire    . . .     SeeInvis .     - Unarmed
rCold    + . .     Faith    .   (no shield)
rNeg     + + +     Spirit   .   m - +0 chain mail
rPois    ∞         Reflect  .   b - +1 helmet
rElec    .         Harm     .   (no cloak)
rCorr    .                      (no gloves)
MR       .....                  (no boots)
Stlth    ..........             (no amulet)
HPRegen  0.00/turn              (no ring)
MPRegen  0.10/turn              (no ring)

@: no status effects
A: rotting body, claws 1, cold resistance 1, negative energy resistance 3,
inhibited regeneration, torment resistance, unbreathing
a: no special abilities


You were on level 6 of the Dungeon.
You visited 1 branch of the dungeon, and saw 6 of its levels.

You collected 365 gold pieces.

Inventory:

Missiles
 c - 3 throwing nets (quivered)
 n - 12 poisoned darts
 t - 4 boomerangs
Armour
 b - a +1 helmet (worn)
 m - a +0 chain mail (worn)
Jewellery
 s - an uncursed amulet of guardian spirit {unknown}
 x - an uncursed ring of fire {unknown}
Wands
 l - a wand of paralysis (7)
 u - a wand of polymorph (8)
Scrolls
 f - 5 scrolls of remove curse
 k - a scroll of blinking
 v - 2 scrolls of teleportation
 w - a scroll of enchant armour
Potions
 a - a potion of magic {unknown}
 d - 4 potions of stabbing {unknown}
 e - 3 potions of degeneration {unknown}
 g - a potion of flight {unknown}
 h - a potion of lignification {unknown}
 i - a potion of brilliance {unknown}
 j - 3 potions of cancellation {unknown}
 o - 2 potions of curing {unknown}
 p - a potion of mutation {unknown}
 q - 2 potions of might {unknown}
 r - 2 potions of ambrosia {unknown}


   Skills:
 - Level 2.1 Fighting
 - Level 1.7 Throwing
 - Level 2.6 Dodging
 + Level 9.2 Unarmed Combat


You had 6 spell levels left.
You didn't know any spells.
Your spell library was empty.

Dungeon Overview and Level Annotations

Branches:
Dungeon (6/15)
 Temple: D:4-7

Altars:
Ashenzari

Shops:
D:5 *


Innate Abilities, Weirdness & Mutations

Your body is rotting away.
You thrive by killing the living.
You are immune to poison.
You have sharp fingernails.
Your flesh is cold resistant. (rC+)
You are immune to negative energy. (rN+++)
You do not regenerate when monsters are visible.
You are immune to unholy pain and torment.
You can survive without breathing.


Message History

The orc warrior is moderately wounded.
The orc wizard hits you but does no damage.
The orc warrior hits you with a +0 halberd.
You scratch the orc warrior.
The orc warrior is heavily wounded.
The orc wizard barely misses you.
The orc warrior hits you with a +0 halberd!
Your chain mail prevents you from hitting the orc warrior.
The orc warrior is heavily wounded.
The orc wizard casts a spell at you. The puff of frost hits you. You resist.
The orc warrior hits you with a +0 halberd!
* * * LOW HITPOINT WARNING * * *
You scratch the orc warrior.
The orc warrior is heavily wounded.
The orc wizard hits you but does no damage.
You scratch the orc warrior.
The orc warrior is severely wounded.
The orc warrior hits you with a +0 halberd!
You die...

#.....#....
#.........<
#........#
#.......#
#.......# ...
#..>....# ....
#....(..#####....
#..@o............
#.).o...........
#÷<).........#+#
########.....#
#.....# #o....#+#
+.........
#########go.......
#........g........


You could see an orc warrior and an orc wizard.

Vanquished Creatures
  A scorpion (D:4)
  2 orc priests (D:4)
  2 hounds (D:5)
  5 orc wizards
  4 worker ants
  A hound skeleton (D:4)
  6 gnolls
  4 adders
  A shadow imp (D:6)
  An ooze (D:1)
  A worm (D:5)
  2 dart slugs
  4 leopard geckos
  8 orcs
  7 giant cockroaches
  10 goblins
  6 hobgoblins
  2 jackals (D:4)
  7 kobolds
  2 quokkas
  A ball python (D:1)
  8 bats
  A frilled lizard (D:4)
  A jackal skeleton (D:5)
  3 rats
90 creatures vanquished.

Notes
Turn   | Place    | Note
-------+----------+-------------------------------------------
     0 | D:1      | HoaS the Ghoul Gladiator began the quest for the Orb.
     0 | D:1      | Reached XP level 1. HP: 17/17 MP: 0/0
   177 | D:1      | Reached XP level 2. HP: 23/24 MP: 1/1
   192 | D:1      | Reached skill level 4 in Unarmed Combat
   551 | D:1      | Reached XP level 3. HP: 29/29 MP: 2/2
  1282 | D:2      | Reached skill level 5 in Unarmed Combat
  1437 | D:2      | Reached XP level 4. HP: 36/36 MP: 3/3
  1997 | D:3      | Reached skill level 6 in Unarmed Combat
  2015 | D:3      | Reached XP level 5. HP: 40/41 MP: 4/4
  2056 | D:3      | Found a shattered altar of Ashenzari.
  2560 | D:4      | Reached skill level 7 in Unarmed Combat
  2560 | D:4      | Reached XP level 6. HP: 8/48 MP: 5/5
  2941 | D:4      | Reached skill level 8 in Unarmed Combat
  3112 | D:4      | Reached XP level 7. HP: 50/55 MP: 6/6
  3345 | D:5      | Entered Level 5 of the Dungeon
  3458 | D:5      | Found Bel Xaroy's Assorted Antiques.
  3843 | D:5      | Reached skill level 9 in Unarmed Combat
  4175 | D:6      | Mangled by an orc warrior

Illustrated notes

Levels and vault maps discovered:
D:1:      minmay_arrival_four_loops, layout_basic
D:2:      layout_basic, nrook_loot_triangle
D:3:      cheibrodos_helix_gallery, layout_basic, ashenzari_altar_1
D:4:      layout_loops_ring
D:5:      layout_cave_pools, serial_shops, shop_statue, minmay_misc_feat_room
D:6:      layout_gridville, lemuel_doored_altar, lightli_sewer_entry_pipes,
          vehumet_altar_wand_db

Skill      XL: |  1  2  3  4  5  6  7 |
---------------+----------------------+-----
Unarmed Combat | 4 5 6 7 8 9 |  9.2
Fighting       | |  2.1
Throwing       | |  1.7
Dodging        | |  2.6

Action                   |  1- 3 |  4- 6 |  7- 9 || total
-------------------------+-------+-------+-------++-------
Melee: Unarmed           |    92 |   174 |    64 ||   330
       Punch             |     2 |     3 |     3 ||     8
  Use: Scroll            |     5 |     4 |       ||     9
Armor: Leather armour    |     9 |       |       ||     9
       Scale mail        |     9 |       |       ||     9
       Chain mail        |    13 |    97 |    36 ||   146
Dodge: Dodged            |    44 |    52 |    24 ||   120

Table legend: (Time is in decaauts)
 A = Elapsed time spent in this place.
 B = Non-inter-level travel time spent in this place.
 C = Inter-level travel time spent in this place.
 D = Time resting spent in this place.
 E = Time spent auto-exploring this place.
 F = Levels seen in this place.
 G = Mean time per level.
                   A        B        C        D        E       F      G
               +--------+--------+--------+--------+--------+-----+--------+
         Total |   4137 |   4028 |    109 |    602 |   2777 |   6 |  689.5 |
       Dungeon |   4137 |   4028 |    109 |    602 |   2777 |   6 |  689.5 |
               +--------+--------+--------+--------+--------+-----+--------+

Top non-repeatable levels by time:
     D:2: 992 daAuts
     D:4: 864 daAuts
     D:1: 770 daAuts
     D:5: 745 daAuts
     D:3: 687 daAuts
     D:6: 77 daAuts
